[Event "Titled Tuesday Blitz August 15 Late 2023"]
[White "KSho99"]
[Black "Remolar Gallen, Jose"]
[BlackFideId "2215187"]
[WhiteElo "2224"]
[BlackElo "2532"]
[Result "0-1"]
[Round "1"]
[TimeControl "180+1"]
[Date "2023.08.15"]
[WhiteClock "0:00:00"]
[BlackClock "0:00:09"]
[Board "155"]

1. Nf3 Nf6 2. b3 d6 3. d4 g6 4. Bb2 Bg7 5. e3 O-O 6. Nbd2 Nbd7 7. Be2 c6 8. O-O Qc7 9. c4 b6 10. Rc1 Bb7 11. Qc2 Rfe8 12. Rfd1 e5 13. dxe5 dxe5 14. Qb1 h6 15. Qa1 e4 16. Nd4 a6 17. b4 a5 18. b5 c5 19. Nc2 Ne5 20. h3 Rad8 21. Ne1 g5 22. Nf1 Rxd1 23. Rxd1 h5 24. Ng3 g4 25. Nf5 Bf8 26. h4 Bc8 27. Ng3 Bh6 28. Bc3 Kh7 29. Qb2 Kg6 30. Qc2 Bb7 31. Qd2 Nfd7 32. Qd6+ Qxd6 33. Rxd6+ Re6 34. Rd1 Bg7 35. Rd2 f5 36. Rd1 Bh6 37. Bb2 f4 38. exf4 Bxf4 39. Nf1 Nf3+ 40. gxf3 gxf3 41. Nxf3 exf3 42. Bd3+ Kh6 43. Ng3 Bxg3 44. fxg3 Re8 45. Kf2 Ne5 46. Bc1+ Kg7 47. Bc2 Ng4+ 48. Kf1 Re2 49. Rd7+ Kf8 0-1


[Site "https://www.chess.com"]

[Event "Titled Tuesday Blitz August 15 Late 2023"]
[White "Santos Flores, Alberto"]
[Black "Andreassen, Lars"]
[WhiteFideId "3601234"]
[BlackFideId "1504878"]
[WhiteElo "2531"]
[BlackElo "2223"]
[Result "1-0"]
[Round "1"]
[TimeControl "180+1"]
[Date "2023.08.15"]
[WhiteClock "0:01:17"]
[BlackClock "0:01:47"]
[Board "156"]

1. e4 d6 2. d4 Nf6 3. Nc3 e5 4. Nf3 Nbd7 5. Bc4 Be7 6. O-O O-O 7. Re1 exd4 8. Nxd4 Ne5 9. Bf1 Bg4 10. f3 Bh5 11. h3 h6 12. g4 Bg6 13. f4 Nc6 14. Bg2 Nxd4 15. Qxd4 c5 16. Qd1 a6 17. a4 Rb8 18. a5 Nd7 19. Nd5 Bh4 20. Rf1 f6 21. Ne3 Re8 22. Qxd6 Bxe4 23. Bxe4 Nf8 24. Qxd8 Rbxd8 25. Bf3 Ne6 26. Bd5 Kh8 27. c3 Nc7 28. Bxb7 g5 29. Nf5 Ne6 30. Nxh4 gxh4 31. f5 Ng5 32. Bxg5 hxg5 33. Bxa6 Re2 34. Bxe2 1-0


[Site "https://www.chess.com"]

[Event "Titled Tuesday Blitz August 15 Late 2023"]
[White "Kovacevic, Radmila"]
[Black "Grebeniuk, Semen"]
[WhiteFideId "933171"]
[BlackFideId "14117509"]
[WhiteElo "2217"]
[BlackElo "2530"]
[Result "1-0"]
[Round "1"]
[TimeControl "180+1"]
[Date "2023.08.15"]
[WhiteClock "0:00:26"]
[BlackClock "0:00:11"]
[Board "157"]

1. e4 c5 2. Nf3 Nc6 3. c3 Nf6 4. e5 Nd5 5. d4 cxd4 6. cxd4 g6 7. h4 h6 8. Qb3 e6 9. h5 g5 10. Bb5 Bg7 11. Nc3 Nxc3 12. bxc3 O-O 13. Nxg5 d6 14. Qc2 hxg5 15. h6 Bh8 16. Bd3 f5 17. exf6 Qxf6 18. Bh7+ Kf7 19. Rh5 Ke8 20. Bxg5 Nxd4 21. cxd4 Qxd4 22. Bg6+ Kd7 23. Rd1 Qc3+ 24. Kf1 Qxc2 25. Bxc2 b6 26. Ba4+ Kc7 27. Be7 Ba6+ 28. Kg1 Rad8 29. Rc1+ Kb8 30. h7 Bb7 31. Bxf8 Rxf8 32. Rg5 Bb2 33. Rg8 Rc8 34. Rcxc8+ Bxc8 35. Bd7 Kc7 36. Bxc8 d5 37. Bxe6 Kd6 38. Bf5 Ke5 39. Bd3 Kd4 40. Bb1 Kc5 41. Rg5 a5 42. Be4 Kb4 43. Bxd5 Ka3 44. Bg8 b5 45. Rxb5 Bc3 46. Rc5 Ba1 47. Rxa5+ Kb4 48. Rb5+ Ka3 49. Rb1 Bd4 50. Re1 Bf6 51. Re4 Bg7 52. Rh4 Bh8 53. Rh5 Ka4 54. g4 Ka3 55. Rf5 Ka4 56. g5 Ka3 57. g6 Ka4 58. Rf7 Ka3 59. g7 Bxg7 60. Rxg7 1-0


[Site "https://www.chess.com"]

[Event "Titled Tuesday Blitz August 15 Late 2023"]
[White "D`Arruda, Ricardo D."]
[Black "Osmonbekov, Talaibek"]
[WhiteFideId "100692"]
[BlackFideId "2017253"]
[WhiteElo "2528"]
[BlackElo "2204"]
[Result "1-0"]
[Round "1"]
[TimeControl "180+1"]
[Date "2023.08.15"]
[WhiteClock "0:00:28"]
[BlackClock "0:00:00"]
[Board "158"]

1. Nf3 f5 2. d3 Nf6 3. g3 d6 4. Bg2 e5 5. O-O Be7 6. Nc3 O-O 7. e4 Nc6 8. Bg5 h6 9. Bxf6 Bxf6 10. Nd5 Be6 11. Nxf6+ Qxf6 12. Nh4 f4 13. c3 g5 14. Nf5 Bxf5 15. exf5 Qxf5 16. Qb3+ Kh8 17. Qxb7 f3 18. Qxc6 fxg2 19. Kxg2 Rab8 20. b4 Qxd3 21. Rad1 Qh7 22. a4 Rf7 23. Qa6 Rbf8 24. Qxa7 Qc2 25. Qe3 Qxa4 26. Ra1 Qc6+ 27. Kg1 Rf3 28. Qe2 Rxc3 29. Qh5 Kg7 30. h4 Qb6 31. Qg4 Qd4 32. Qxd4 exd4 33. hxg5 hxg5 34. Rad1 c5 35. b5 Rb3 36. Rb1 Rxb1 37. Rxb1 Rb8 38. Kf1 Rb6 39. Ke2 Kf6 40. Kd3 Ke5 41. Kc4 g4 42. Re1+ Kf5 43. Re8 d3 44. Re3 1-0


[Site "https://www.chess.com"]

[Event "Titled Tuesday Blitz August 15 Late 2023"]
[White "olackza"]
[Black "ArtemDyachuk"]
[WhiteElo "2199"]
[BlackElo "2527"]
[Result "0-1"]
[Round "1"]
[TimeControl "180+1"]
[Date "2023.08.15"]
[WhiteClock "0:00:06"]
[BlackClock "0:01:47"]
[Board "159"]

1. e4 c6 2. d4 d5 3. Nc3 dxe4 4. Nxe4 Nf6 5. Ng3 g6 6. Nf3 Bg7 7. Be3 O-O 8. Qd2 Re8 9. O-O-O Nbd7 10. h4 h5 11. Bc4 Nb6 12. Bb3 a5 13. a3 a4 14. Ba2 Bg4 15. Bh6 Bh8 16. Qd3 e6 17. Ne5 Bxd1 18. Rxd1 Bg7 19. Bg5 Qc7 20. f3 Rad8 21. Qe3 c5 22. dxc5 Rxd1+ 23. Kxd1 Nfd5 24. Qd2 Qxe5 25. cxb6 Qxg3 26. c3 Bf6 27. Kc2 Bxg5 28. hxg5 Qxg2 29. Qxg2 Ne3+ 30. Kd3 Nxg2 31. Ke2 Nf4+ 32. Ke3 Nd5+ 0-1


[Site "https://www.chess.com"]

[Event "Titled Tuesday Blitz August 15 Late 2023"]
[White "Urbina Perez, Juan Antonio"]
[Black "Petersson, Kjell"]
[WhiteFideId "2217368"]
[BlackFideId "1705148"]
[WhiteElo "2526"]
[BlackElo "2182"]
[Result "1-0"]
[Round "1"]
[TimeControl "180+1"]
[Date "2023.08.15"]
[WhiteClock "0:00:37"]
[BlackClock "0:00:01"]
[Board "160"]

1. e4 c5 2. Nf3 d6 3. d4 cxd4 4. Nxd4 Nf6 5. Nc3 g6 6. Be3 Bg7 7. f3 O-O 8. Qd2 Nc6 9. h4 d5 10. Nxc6 bxc6 11. O-O-O Be6 12. e5 Nh5 13. f4 Qa5 14. Kb1 Rab8 15. Ne2 Qa4 16. b3 Qa3 17. Nd4 Bg4 18. Be2 Bxe2 19. Nxe2 Bh8 20. g4 Ng7 21. h5 a5 22. Nd4 c5 23. Nc6 Rb7 24. hxg6 hxg6 25. Qh2 Nh5 26. gxh5 g5 27. h6 Kh7 28. Qh3 e6 29. fxg5 c4 30. Bc1 Qc5 31. Nd4 Bxe5 32. Bb2 cxb3 33. Qd3+ Kh8 34. Nxb3 Qd6 35. Bxe5+ Qxe5 36. Qd4 Qxd4 37. Rxd4 Ra8 38. Kc1 a4 39. Nc5 Rc7 40. Nd3 Rac8 41. Rh2 a3 42. Ne5 Rb8 43. Rd3 Rb2 44. Rxa3 Kh7 45. Rf3 Rcb7 46. Rxf7+ Rxf7 47. Nxf7 Rxa2 48. g6+ Kxg6 49. h7 Kxf7 50. h8=Q Ra1+ 1-0


[Site "https://www.chess.com"]

[Event "Titled Tuesday Blitz August 15 Late 2023"]
[White "Tqebuchava, Zurab"]
[Black "subham777"]
[WhiteFideId "13601113"]
[WhiteElo "2176"]
[BlackElo "2526"]
[Result "0-1"]
[Round "1"]
[TimeControl "180+1"]
[Date "2023.08.15"]
[WhiteClock "0:00:00"]
[BlackClock "0:00:13"]
[Board "161"]

1. e4 e6 2. d3 c5 3. Nf3 Nc6 4. g3 g6 5. Bg2 Bg7 6. O-O Nge7 7. c3 O-O 8. d4 cxd4 9. Nxd4 d5 10. Nxc6 bxc6 11. Bg5 h6 12. Be3 a5 13. Bd4 e5 14. Bc5 Be6 15. exd5 cxd5 16. Bxe7 Qxe7 17. Bxd5 Rad8 18. c4 e4 19. Nc3 Bxc3 20. bxc3 Qc5 21. Qd4 Qxd4 22. cxd4 Bxd5 23. cxd5 Rxd5 24. Rfe1 Rxd4 25. Re2 Kg7 26. Rae1 f5 27. Rb1 Rb4 28. Rc1 Rf7 29. Rc5 a4 30. Ra5 Re7 31. Kg2 Kf6 32. Ra6+ Re6 33. Ra7 g5 34. Rc2 f4 35. gxf4 gxf4 36. Rcc7 e3 37. Rf7+ Ke5 38. fxe3 fxe3 39. Kf3 Rf6+ 40. Rxf6 Kxf6 41. Kxe3 Rh4 42. Ra6+ Ke7 43. Ra7+ Kd6 44. Ra6+ Kc5 45. Kf3 Kb5 46. Ra8 Rxh2 47. Rb8+ Kc4 48. Ra8 Rxa2 49. Rh8 Rh2 50. Ke3 Kb3 51. Kd3 Rh5 0-1


[Site "https://www.chess.com"]

[Event "Titled Tuesday Blitz August 15 Late 2023"]
[White "Nanu, Costica-Ciprian"]
[Black "Cueto, Jonny"]
[WhiteFideId "1204580"]
[BlackFideId "3300145"]
[WhiteElo "2525"]
[BlackElo "2176"]
[Result "1-0"]
[Round "1"]
[TimeControl "180+1"]
[Date "2023.08.15"]
[WhiteClock "0:01:06"]
[BlackClock "0:00:05"]
[Board "162"]

1. c4 e6 2. Nf3 Nf6 3. Nc3 b6 4. e3 Bb7 5. b3 Be7 6. Bb2 d6 7. d4 Nbd7 8. Be2 O-O 9. O-O h6 10. Rc1 Re8 11. b4 a5 12. a3 Ne4 13. Nxe4 Bxe4 14. Nd2 Bb7 15. b5 e5 16. a4 Bf6 17. Re1 Qe7 18. Bf3 e4 19. Bg4 Rad8 20. f3 exf3 21. Bxf3 Bxf3 22. Qxf3 Bh4 23. Re2 Nf8 24. Rf1 Ng6 25. e4 Bf6 26. g3 Bg5 27. Rfe1 Bxd2 28. Rxd2 Qg5 29. Rf2 Re7 30. Kh1 h5 31. h4 Qg4 32. Qxg4 hxg4 33. Kg2 Rde8 34. h5 Nf8 35. Rf4 Nh7 36. e5 dxe5 37. dxe5 Ng5 38. Rxg4 Ne6 39. Rd1 Nc5 40. h6 g6 41. h7+ Kxh7 42. Rh4+ Kg8 43. e6 f6 44. Rdh1 Nxe6 45. Bxf6 Nf4+ 46. Rxf4 Re2+ 47. Rf2 Rxf2+ 48. Kxf2 Rf8 49. Rh8+ Kf7 50. Rxf8+ Kxf8 51. Be5 1-0


[Site "https://www.chess.com"]

[Event "Titled Tuesday Blitz August 15 Late 2023"]
[White "Oliveira, Tiago Batista"]
[Black "Leenhouts, Koen"]
[WhiteFideId "2108291"]
[BlackFideId "1008439"]
[WhiteElo "2170"]
[BlackElo "2524"]
[Result "0-1"]
[Round "1"]
[TimeControl "180+1"]
[Date "2023.08.15"]
[WhiteClock "0:00:00"]
[BlackClock "0:00:17"]
[Board "163"]

1. d4 Nf6 2. c4 c5 3. d5 b5 4. cxb5 a6 5. bxa6 Bxa6 6. Nf3 g6 7. g3 Bg7 8. Bg2 d6 9. O-O O-O 10. Nc3 Nbd7 11. Qc2 Qb6 12. Rd1 Rfb8 13. Rb1 Ng4 14. Bg5 Kf8 15. Qe4 Ndf6 16. Bxf6 Nxf6 17. Qh4 Qb4 18. e4 Kg8 19. a3 Qb7 20. e5 Ne8 21. Ne4 Be2 22. Nfg5 h6 23. Nxf7 Kxf7 24. Re1 Bd3 25. Qf4+ Kg8 26. exd6 Nxd6 27. Nxc5 Qb5 28. Rxe7 Nf5 29. d6 Bxb1 30. Bxa8 Rxa8 31. Rxg7+ Nxg7 0-1


[Site "https://www.chess.com"]

[Event "Titled Tuesday Blitz August 15 Late 2023"]
[White "Morgunov, Marc"]
[Black "Sava, Christiansen-Danut-Eugen"]
[WhiteFideId "1640305"]
[BlackFideId "1210114"]
[WhiteElo "2522"]
[BlackElo "2168"]
[Result "1-0"]
[Round "1"]
[TimeControl "180+1"]
[Date "2023.08.15"]
[WhiteClock "0:01:43"]
[BlackClock "0:00:04"]
[Board "164"]

1. e4 e5 2. Nf3 Nf6 3. Nxe5 d6 4. Nf3 Nxe4 5. Nc3 Nxc3 6. dxc3 Be7 7. Be3 O-O 8. Qd2 Nc6 9. Bd3 Ne5 10. Nxe5 dxe5 11. O-O-O Be6 12. Qe2 Qc8 13. c4 c6 14. f3 f5 15. Bd2 Bf6 16. Bc3 e4 17. fxe4 Bxc3 18. bxc3 fxe4 19. Qxe4 Bf5 20. Qe7 Rf7 21. Qd6 Qe6 22. Qxe6 Bxe6 23. Rhe1 Bg4 24. Rd2 g6 25. c5 Kg7 26. Bc4 Rc7 27. h3 Bf5 28. g4 Bc8 29. Re8 b5 30. cxb6 axb6 31. g5 Ra4 32. Rg8# 1-0


[Site "https://www.chess.com"]

[Event "Titled Tuesday Blitz August 15 Late 2023"]
[White "Florianovitz, Derlei Alex"]
[Black "Grinev, Valeriy"]
[WhiteFideId "2114178"]
[BlackFideId "14117517"]
[WhiteElo "2163"]
[BlackElo "2522"]
[Result "0-1"]
[Round "1"]
[TimeControl "180+1"]
[Date "2023.08.15"]
[WhiteClock "0:00:10"]
[BlackClock "0:01:30"]
[Board "165"]

1. e4 c5 2. Nf3 e6 3. d4 cxd4 4. Nxd4 a6 5. Nc3 Qc7 6. a3 Nf6 7. Bd3 b5 8. O-O Bb7 9. Qe2 Nc6 10. Nxc6 dxc6 11. f4 c5 12. e5 c4 13. Be4 Bc5+ 14. Kh1 Nxe4 15. Nxe4 Bxe4 16. Qxe4 O-O 17. Be3 Rad8 18. Rae1 Rd5 19. Rf3 g6 20. Rh3 Rfd8 21. g4 Rd1 22. Rxd1 Rxd1+ 23. Kg2 Bxe3 24. Rxe3 Qd8 25. Re2 Rb1 26. c3 Qd1 27. Kh3 Qf1+ 28. Kh4 h6 29. Rd2 Kg7 30. g5 hxg5+ 31. fxg5 Re1 32. Qg2 Qf4+ 33. Kh3 Re3+ 0-1


[Site "https://www.chess.com"]

[Event "Titled Tuesday Blitz August 15 Late 2023"]
[White "Khandelwal, Ankush"]
[Black "campochess"]
[WhiteFideId "413470"]
[WhiteElo "2519"]
[BlackElo "2156"]
[Result "1-0"]
[Round "1"]
[TimeControl "180+1"]
[Date "2023.08.15"]
[WhiteClock "0:00:57"]
[BlackClock "0:00:43"]
[Board "166"]

1. e4 c5 2. Nf3 Nc6 3. Bb5 e5 4. O-O Qc7 5. c3 Nf6 6. d4 cxd4 7. cxd4 exd4 8. e5 Ne4 9. Re1 Nc5 10. Nxd4 Nxd4 11. Qxd4 Ne6 12. Qg4 Qa5 13. Nc3 Be7 14. Bc4 O-O 15. Bh6 g6 16. Bxf8 Bxf8 17. Nd5 Bg7 18. Rad1 b5 19. Ne7+ Kf8 20. Bxe6 dxe6 21. Nc6 Qc7 22. Rd8+ Qxd8 23. Nxd8 Bd7 24. Qb4+ Ke8 25. Nb7 a5 26. Nd6+ Kf8 27. Qc5 Kg8 28. Qc7 Be8 29. Nxe8 Rxe8 30. Rd1 a4 31. Rd8 1-0


[Site "https://www.chess.com"]

[Event "Titled Tuesday Blitz August 15 Late 2023"]
[White "laskakid"]
[Black "Kashefi, Amir Hosein"]
[BlackFideId "12557935"]
[WhiteElo "2137"]
[BlackElo "2519"]
[Result "0-1"]
[Round "1"]
[TimeControl "180+1"]
[Date "2023.08.15"]
[WhiteClock "0:00:14"]
[BlackClock "0:00:07"]
[Board "167"]

1. e4 c6 2. d4 d5 3. exd5 cxd5 4. Bd3 Nf6 5. h3 Nc6 6. c3 g6 7. Nf3 Bf5 8. O-O e6 9. Bb5 Bxb1 10. Rxb1 Qb6 11. Qa4 a6 12. Bd3 Bg7 13. Re1 O-O 14. Bf4 Rac8 15. Qd1 Qd8 16. Ne5 Nxe5 17. Bxe5 Ne8 18. Qd2 Bf6 19. Bxf6 Qxf6 20. Re3 Nd6 21. Rf3 Qg7 22. Re1 b5 23. h4 h5 24. Re5 Kh8 25. Rg3 Qh7 26. Qf4 Nf5 27. Bxf5 exf5 28. Rxd5 Rfe8 29. Re5 Qg7 30. Rge3 Rxe5 31. Qxe5 Kg8 32. Qxg7+ Kxg7 33. Re5 Kf6 34. Kf1 f4 35. Rc5 Rxc5 36. dxc5 Ke5 37. Ke2 f6 38. Kf3 g5 39. hxg5 fxg5 40. b4 g4+ 41. Ke2 h4 42. Kf1 Kd5 43. f3 g3 44. Kg1 Ke5 45. Kh1 Kd5 46. Kg1 Kc6 47. Kf1 a5 48. Ke2 a4 49. a3 Kd5 50. Kf1 Ke5 51. Ke2 Kf5 52. Kf1 Ke6 53. Kg1 Kd5 54. Kh1 Kc6 55. Kg1 Kd5 56. Kh1 Ke5 57. Kg1 Kf6 58. Kh1 Kf7 59. Kg1 Ke6 60. Kh1 Kd7 61. Kg1 Kc6 62. Kh1 Kc7 63. Kg1 Kd7 64. Kh1 Kc6 65. Kg1 h3 66. Kh1 h2 67. c4 bxc4 68. b5+ Kxc5 69. b6 c3 70. b7 c2 71. b8=Q c1=Q# 0-1


[Site "https://www.chess.com"]

[Event "Titled Tuesday Blitz August 15 Late 2023"]
[White "elpera"]
[Black "Vila Dupla, Aurelio"]
[BlackFideId "2203383"]
[WhiteElo "2519"]
[BlackElo "2123"]
[Result "1-0"]
[Round "1"]
[TimeControl "180+1"]
[Date "2023.08.15"]
[WhiteClock "0:00:19"]
[BlackClock "0:00:09"]
[Board "168"]

1. d4 Nf6 2. Bg5 e6 3. e4 h6 4. Bxf6 Qxf6 5. Nc3 Bb4 6. Qd3 c5 7. e5 Qf4 8. Ne2 Qg5 9. f4 Qg6 10. Qxg6 fxg6 11. O-O-O cxd4 12. Nb5 Ba5 13. Nd6+ Ke7 14. Nxd4 Nc6 15. Nxc6+ bxc6 16. Bd3 g5 17. fxg5 hxg5 18. Rdf1 Bb6 19. Rf7+ Kd8 20. Rxg7 Kc7 21. Nf7 Rh5 22. Kd2 a5 23. Rxg5 Rh7 24. Nd6 Bd4 25. Ne8+ Kb6 26. Nf6 Rf7 27. Rf1 Ka7 28. c3 Bc5 29. Ne4 Rxf1 30. Bxf1 Be7 31. Rg7 Bf8 32. Rf7 Bh6+ 33. Kc2 Kb7 34. g4 Be3 35. g5 Kc7 36. g6 Ba6 37. Bxa6 Rxa6 38. g7 1-0


[Site "https://www.chess.com"]

[Event "Titled Tuesday Blitz August 15 Late 2023"]
[White "Hartikainen, Jarmo"]
[Black "Janaszak, Dawid"]
[WhiteFideId "503134"]
[BlackFideId "1119206"]
[WhiteElo "2107"]
[BlackElo "2517"]
[Result "0-1"]
[Round "1"]
[TimeControl "180+1"]
[Date "2023.08.15"]
[WhiteClock "0:00:00"]
[BlackClock "0:00:59"]
[Board "169"]

1. e4 c5 2. c3 e5 3. d4 cxd4 4. cxd4 exd4 5. Nf3 Nc6 6. Nxd4 Nf6 7. Nxc6 bxc6 8. Bd3 Bc5 9. O-O d6 10. Bg5 h6 11. Bh4 Qe7 12. Nc3 g5 13. Bg3 h5 14. e5 dxe5 15. Bxe5 Bg4 16. Qa4 O-O 17. Qxc6 Qxe5 18. Rac1 Rac8 19. Qb5 Bd6 20. Qxe5 Bxe5 21. f3 Be6 22. Rfe1 Bxc3 23. bxc3 Rfd8 24. Ba6 Rc6 25. Bb5 Rb6 26. c4 Rd2 27. Red1 Rxa2 28. h3 g4 29. hxg4 hxg4 30. fxg4 Nxg4 31. Rd8+ Kg7 32. Rcd1 Ne3 33. R1d2 Rxd2 34. Rxd2 Nxc4 35. Bxc4 Bxc4 36. Kf2 Rf6+ 37. Kg3 a5 0-1


[Site "https://www.chess.com"]

[Event "Titled Tuesday Blitz August 15 Late 2023"]
[White "Berezin, Viktor"]
[Black "Milovic, Aleksandra"]
[WhiteFideId "14107872"]
[BlackFideId "933988"]
[WhiteElo "2517"]
[BlackElo "2101"]
[Result "1-0"]
[Round "1"]
[TimeControl "180+1"]
[Date "2023.08.15"]
[WhiteClock "0:00:44"]
[BlackClock "0:00:04"]
[Board "170"]

1. d4 d5 2. c4 e6 3. cxd5 exd5 4. Nc3 Nf6 5. Bf4 c6 6. Qc2 Bd6 7. Bg5 O-O 8. e3 Nbd7 9. Bd3 h6 10. Bh4 Be7 11. Nge2 Nh5 12. Bxe7 Qxe7 13. O-O-O b5 14. g4 Nhf6 15. Rdg1 b4 16. Nd1 c5 17. g5 Ne4 18. gxh6 g6 19. f3 c4 20. h7+ Kh8 21. Bxe4 dxe4 22. fxe4 Bb7 23. Rg4 Nf6 24. Rhg1 Nxg4 25. Rxg4 f5 26. exf5 gxf5 27. Nf4 Kxh7 28. Rg3 Qe4 29. Qe2 Rf6 30. Qh5+ Rh6 31. Qf7+ Kh8 32. Qg7# 1-0


[Site "https://www.chess.com"]

[Event "Titled Tuesday Blitz August 15 Late 2023"]
[White "Sloan, Julia Elizabeth"]
[Black "RrainlessBobot"]
[WhiteFideId "2018950"]
[WhiteElo "2088"]
[BlackElo "2514"]
[Result "0-1"]
[Round "1"]
[TimeControl "180+1"]
[Date "2023.08.15"]
[WhiteClock "0:01:59"]
[BlackClock "0:01:23"]
[Board "171"]

1. d4 d5 2. c4 e5 3. e3 exd4 4. exd4 Nf6 5. Nc3 Bb4 6. Bd3 dxc4 7. Bxc4 O-O 8. Ne2 Nbd7 9. O-O Nb6 10. Bb3 c6 11. a3 Bd6 12. Bf4 Bg4 13. f3 Bh5 14. Bxd6 Qxd6 15. Qd2 Rad8 16. Rad1 Rfe8 17. Nf4 Bg6 18. Nxg6 hxg6 19. Qc2 Nbd5 20. Ne4 Qf4 21. Nxf6+ gxf6 22. Bxd5 Rxd5 23. Qd2 Qd6 24. Rfe1 Rxe1+ 25. Qxe1 Rxd4 26. Qe8+ Kg7 27. Re1 Rd2 28. h3 Qg3 0-1


[Site "https://www.chess.com"]

[Event "Titled Tuesday Blitz August 15 Late 2023"]
[White "Dragomirescu, Robin-Alexandru"]
[Black "ilya2700"]
[WhiteFideId "1213849"]
[WhiteElo "2514"]
[BlackElo "2081"]
[Result "1-0"]
[Round "1"]
[TimeControl "180+1"]
[Date "2023.08.15"]
[WhiteClock "0:01:50"]
[BlackClock "0:00:54"]
[Board "172"]

1. b3 e5 2. Bb2 Nc6 3. e3 d5 4. Bb5 Bd6 5. f4 f6 6. Qh5+ g6 7. Qh4 Qe7 8. Nc3 Be6 9. O-O-O a6 10. Bxc6+ bxc6 11. Nf3 a5 12. fxe5 fxe5 13. Qxe7+ Nxe7 14. Na4 O-O 15. Bxe5 Bxe5 16. Nxe5 Rf2 17. Rhg1 Raf8 18. Nd3 R2f7 19. Nac5 Bc8 20. a4 Nf5 21. Ne5 Ne7 22. Nxf7 1-0


[Site "https://www.chess.com"]

[Event "Titled Tuesday Blitz August 15 Late 2023"]
[White "Phillips, Rene"]
[Black "Marra, Eduardo da Costa"]
[WhiteFideId "2056275"]
[BlackFideId "2106990"]
[WhiteElo "2079"]
[BlackElo "2513"]
[Result "0-1"]
[Round "1"]
[TimeControl "180+1"]
[Date "2023.08.15"]
[WhiteClock "0:00:44"]
[BlackClock "0:01:19"]
[Board "173"]

1. d4 Nf6 2. Bf4 c5 3. e3 Qb6 4. Nc3 a6 5. Rb1 cxd4 6. exd4 d6 7. Nf3 g6 8. Be2 Bg7 9. O-O O-O 10. Qd2 Re8 11. Bh6 Bh8 12. Rfe1 Nc6 13. d5 Ne5 14. Nxe5 dxe5 15. Bf3 Ng4 16. Bg5 f6 17. Bh4 Bg7 18. Bg3 Nh6 19. h3 Nf5 20. Bh2 Nd4 21. Bd1 Bd7 22. Ne2 Nf5 23. c4 a5 24. Bc2 Rad8 25. b4 axb4 26. Rxb4 Qc7 27. Reb1 Bc8 28. Bxf5 gxf5 29. Nc3 f4 30. Nb5 Qc5 31. Na7 Qxa7 32. Qc2 Qc5 33. Rb5 Qc7 34. Kh1 Rd6 35. f3 Ra6 36. Bg1 Qd7 37. Kh2 e6 38. a4 exd5 39. Rxd5 Qf7 40. a5 Be6 41. Rdb5 Re7 42. Bc5 Rd7 43. Rb6 Rxb6 44. axb6 Bxc4 45. Ra1 Rd8 46. Rd1 Rxd1 47. Qxd1 Qd5 0-1


[Site "https://www.chess.com"]

[Event "Titled Tuesday Blitz August 15 Late 2023"]
[White "Poltorak, Sebastian"]
[Black "Verony64"]
[WhiteFideId "1199498"]
[WhiteElo "2511"]
[BlackElo "2076"]
[Result "1-0"]
[Round "1"]
[TimeControl "180+1"]
[Date "2023.08.15"]
[WhiteClock "0:01:46"]
[BlackClock "0:01:43"]
[Board "174"]

1. e4 d6 2. d4 c6 3. Nc3 Nd7 4. f4 e5 5. dxe5 dxe5 6. Nf3 Qc7 7. f5 Ngf6 8. Bc4 Bb4 9. Qe2 O-O 10. Bd2 Nc5 11. Bd3 Re8 12. O-O Nxd3 13. cxd3 Bc5+ 14. Kh1 b5 15. h3 Nh5 16. Kh2 Qe7 17. g4 Nf4 18. Bxf4 exf4 19. d4 Bb4 20. e5 Bxc3 21. bxc3 Bb7 22. Qe4 c5 23. Qxf4 cxd4 24. cxd4 Bd5 25. f6 Qb7 26. Qg5 g6 27. Qh6 1-0


[Site "https://www.chess.com"]

[Event "Titled Tuesday Blitz August 15 Late 2023"]
[White "Maluco_do_Natal_00"]
[Black "Mickiewicz, Piotr"]
[BlackFideId "1114891"]
[WhiteElo "2072"]
[BlackElo "2511"]
[Result "0-1"]
[Round "1"]
[TimeControl "180+1"]
[Date "2023.08.15"]
[WhiteClock "0:00:06"]
[BlackClock "0:00:11"]
[Board "175"]

1. e4 c5 2. Nf3 Nc6 3. d4 cxd4 4. Nxd4 Nf6 5. Nc3 e5 6. Ndb5 d6 7. Bg5 a6 8. Bxf6 gxf6 9. Na3 b5 10. Nd5 f5 11. c3 f4 12. Bxb5 axb5 13. Nxb5 Ra7 14. Nxa7 Nxa7 15. Qa4+ Bd7 16. Qxa7 Bg7 17. Nc7+ Kf8 18. Rd1 Bc6 19. Nd5 h5 20. b4 Rh6 21. c4 Rg6 22. Kf1 f3 23. gxf3 Qc8 24. Ke2 Bxd5 25. cxd5 Qc4+ 26. Rd3 Qxb4 27. Qa8+ Ke7 28. Qa3 Qb5 29. Rc1 Bh6 30. Qa7+ Kf6 31. Rc2 Kg7 32. Qc7 Rf6 33. Qc4 Qb6 34. a4 Qb1 35. Rc1 Bxc1 36. Rd1 Qb2+ 37. Kf1 Rxf3 38. Qxc1 Qxf2# 0-1


[Site "https://www.chess.com"]

[Event "Titled Tuesday Blitz August 15 Late 2023"]
[White "Yurtseven, Melih"]
[Black "dorpato"]
[WhiteFideId "6312160"]
[WhiteElo "2510"]
[BlackElo "2066"]
[Result "1-0"]
[Round "1"]
[TimeControl "180+1"]
[Date "2023.08.15"]
[WhiteClock "0:01:45"]
[BlackClock "0:00:04"]
[Board "176"]

1. c4 e5 2. Nc3 Nc6 3. g3 d6 4. Bg2 Be6 5. d3 Qd7 6. Rb1 g6 7. b4 Bg7 8. b5 Nce7 9. Bxb7 Rb8 10. Bg2 Nf6 11. Nf3 h6 12. O-O Bh3 13. a4 Bxg2 14. Kxg2 h5 15. h4 O-O 16. e4 c6 17. Be3 d5 18. Bc5 d4 19. Ne2 Qc7 20. Qc1 Rfe8 21. Qa3 Nc8 22. Rfc1 Nb6 23. a5 Nbd7 24. Bd6 Qc8 25. Bxb8 Nxb8 26. a6 c5 27. b6 axb6 28. Rxb6 Nfd7 29. Rb7 Nc6 30. Rcb1 Ndb8 31. a7 Nxa7 32. Qxa7 Nc6 33. Qxc5 Qd7 34. Rxd7 1-0


[Site "https://www.chess.com"]

[Event "Titled Tuesday Blitz August 15 Late 2023"]
[White "Danishcrown"]
[Black "Aydin, Gulenay"]
[BlackFideId "34557431"]
[WhiteElo "2044"]
[BlackElo "2509"]
[Result "0-1"]
[Round "1"]
[TimeControl "180+1"]
[Date "2023.08.15"]
[WhiteClock "0:00:25"]
[BlackClock "0:00:12"]
[Board "177"]

1. d4 Nf6 2. Bf4 g6 3. e3 Bg7 4. Nf3 O-O 5. Bd3 d6 6. c4 Nbd7 7. Nc3 Re8 8. Bg3 e5 9. dxe5 dxe5 10. Be2 c6 11. O-O Qe7 12. Rc1 Nh5 13. a3 Nxg3 14. hxg3 Nf6 15. b4 Bg4 16. Qb3 Red8 17. c5 Be6 18. Bc4 Bxc4 19. Qxc4 Nd5 20. Rfd1 Nxc3 21. Qxc3 e4 22. Nd4 Rd5 23. Qc4 Rad8 24. Rc2 Bxd4 25. exd4 e3 26. Re2 exf2+ 27. Kf1 Qg5 28. Rd3 Qh5 29. Kxf2 Qg4 30. Rf3 Qxd4+ 31. Qxd4 Rxd4 32. Re7 Rd2+ 33. Kg1 Rd1+ 34. Kh2 R1d5 35. Rfxf7 Rh5+ 36. Kg1 Rd1+ 37. Kf2 Rf5+ 38. Rxf5 gxf5 39. Rxb7 Rd2+ 40. Kf3 Rd3+ 41. Kf4 Rxa3 42. Rc7 Ra4 43. Rxa7 Rxa7 44. Kxf5 Rb7 45. Ke6 Rxb4 46. Kd6 Rg4 47. Kxc6 Rxg3 48. Kd7 Rxg2 49. c6 Rc2 50. c7 h5 51. c8=Q+ Rxc8 52. Kxc8 h4 53. Kd8 h3 54. Kd7 h2 55. Kd6 h1=Q 56. Kc5 Qd1 57. Kb6 Kf7 58. Kc7 Ke6 59. Kc6 Qd5+ 60. Kb6 Qc4 61. Kb7 Kd6 62. Kb6 Qb3+ 63. Ka6 Kc7 64. Ka7 Qb7# 0-1


[Site "https://www.chess.com"]

[Event "Titled Tuesday Blitz August 15 Late 2023"]
[White "Hristodoulou, Panagiotis"]
[Black "Curtis, John"]
[WhiteFideId "4214340"]
[BlackFideId "3200256"]
[WhiteElo "2507"]
[BlackElo "2043"]
[Result "1-0"]
[Round "1"]
[TimeControl "180+1"]
[Date "2023.08.15"]
[WhiteClock "0:00:41"]
[BlackClock "0:00:00"]
[Board "178"]

1. e4 e5 2. Nf3 Nf6 3. Nxe5 Qe7 4. d4 d6 5. Nf3 Nxe4 6. Be2 d5 7. O-O Qd8 8. Nbd2 Nf6 9. Re1 Be7 10. Nf1 O-O 11. Ng3 Bg4 12. h3 Bc8 13. Bd3 h6 14. Ne5 c5 15. dxc5 Bxc5 16. Qf3 Nc6 17. c3 Re8 18. Bf4 Be6 19. Nf5 Bxf5 20. Bxf5 Bd6 21. Nd3 Bxf4 22. Qxf4 Qb8 23. Qh4 Qd6 24. Rad1 Rxe1+ 25. Rxe1 d4 26. c4 b6 27. a3 a5 28. Bg4 Re8 29. Rxe8+ Nxe8 30. Bf3 g5 31. Qe4 Ne7 32. Qa8 Qd7 33. Ne5 Qe6 34. Qxe8+ Kg7 35. Nd3 Qxc4 36. Qxe7 Qxd3 37. Qe5+ Kg8 38. Bd5 Qb1+ 39. Kh2 Qxb2 40. Qe8+ 1-0


[Site "https://www.chess.com"]